cohdb
Replays
Latest Replays
All Replays
Popular Replays
Top Player Replays
Match Explorer
How It Works
Community
CoH3 Stats
Reddit
Sign in to upload your games and track your stats! →
Sign in with Steam
Match 42709083
Unlisted
Match 42709083
Overview
Messages
Build Orders
End
Selects Australian Defense Battlegroup
Selects Australian Light Infantry Section
Australian Light Infantry Section
Construct Section Command Post
Dingo Light Scout Car
Australian Light Infantry Section
Construct Platoon Command Post
Australian Light Infantry Section
Unlock M3 Stuart Light Tanks
M3 Stuart Light Tank
Construct Field Infirmary
M3 Stuart Light Tank
Selects Defensive Tactics
Infantry Training
Construct Company Command Post
Selects Vehicle Over Repair
Crusader II Medium Tank
Royal Engineer Section
Aquila
Barry Chuckle
Dominik
beniu
0
0
Comments
sign in to comment!
No comments posted yet!